 Dungeon Crawl Stone Soup version 0.22-a0-284-g99d1f74 (webtiles) character file.

45 MatthieuS the Ducker (level 3, 0/30 HPs)
             Began as a Merfolk Monk on Mar 21, 2018.
             Slain by a goblin
             ... wielding a +0 dagger
             ... led by Robin
              (1 damage)
             ... on level 2 of the Dungeon on Mar 22, 2018.
             The game lasted 00:03:53 (1412 turns).

MatthieuS the Ducker (Merfolk Monk)                 Turns: 1412, Time: 00:03:53

Health: 0/30       AC:  2    Str: 11    XL:     3   Next: 64%
Magic:  3/3        EV: 15    Int: 10    God:
Gold:   89         SH:  0    Dex: 16    Spells: 2/2 levels left

rFire    . . .     SeeInvis .     - Unarmed
rCold    . . .     Gourm    .   (no shield)
rNeg     . . .     Faith    .   a - +0 robe
rPois    .         Spirit   .   (no helmet)
rElec    .         Reflect  .   (no cloak)
rCorr    .         Harm     .   (no gloves)
MR       .....                  (no boots)
Stlth    ++........             h - amulet of inaccuracy (curse)
HPRegen  0.10/turn              (no ring)
MPRegen  0.08/turn              (no ring)

@: no status effects
A: change form in water, swift swim, stealthy swim
a: no special abilities


You were on level 2 of the Dungeon.
You were hungry.

You visited 1 branch of the dungeon, and saw 2 of its levels.

You collected 89 gold pieces.

Inventory:

Hand Weapons
 g - a +2 dagger of venom
   (You took it off a kobold on level 1 of the Dungeon)
Missiles
 d - 21 poisoned needles
Armour
 a - a +0 robe (worn)
Jewellery
 h - a cursed amulet of inaccuracy (around neck)
   (You found it on level 1 of the Dungeon)
Scrolls
 c - a scroll of identify {@r1}
 f - a scroll of enchant armour
Potions
 b - a potion of magic {unknown}
Comestibles
 e - a ration


   Skills:
 + Level 3.6 Fighting
 + Level 0.8 Armour
 + Level 4.4 Dodging
 - Level 2.1 Stealth
 * Level 4.0 Unarmed Combat


You had 2 spell levels left.
You didn't know any spells.

Dungeon Overview and Level Annotations

Branches:
Dungeon (2/15)

Altars:

Annotations:
D:2 Robin


Message History

You are too injured to fight recklessly!
You are too injured to fight recklessly!
You are too injured to fight recklessly!
You are too injured to fight recklessly!
You are too injured to fight recklessly!
You are too injured to fight recklessly!
You are too injured to fight recklessly!
You are too injured to fight recklessly!
You are too injured to fight recklessly!
You are too injured to fight recklessly!
You are too injured to fight recklessly!
You are too injured to fight recklessly!
You are too injured to fight recklessly!
You are too injured to fight recklessly!
You are too injured to fight recklessly!
You are too injured to fight recklessly!
You hit the goblin. The goblin barely misses you.
You closely miss the goblin. Robin misses you.
The goblin hits you but does no damage.
You miss Robin. Robin throws the goblin at you!
* * * LOW HITPOINT WARNING * * *
The goblin misses you.
You barely miss Robin. The goblin completely misses you.
The goblin barely misses you.
You hit Robin but do no damage. The goblin hits you with a dagger.
* * * LOW HITPOINT WARNING * * *
Robin flexes a bicep menacingly.
The goblin barely misses you.
You miss the goblin. The goblin barely misses you.
The goblin closely misses you.
Robin roars a battlecry!
The goblins go into a battle-frenzy!
The goblin barely misses you.
You hear a shout!
Unknown command.
You closely miss Robin. The goblin misses you.
The goblin hits you with a dagger.
* * * LOW HITPOINT WARNING * * *
Robin closely misses you. The goblin hits you.
* * * LOW HITPOINT WARNING * * *
You hit Robin but do no damage. The goblin closely misses you.
The goblin barely misses you. Robin hits you with a dagger.
* * * LOW HITPOINT WARNING * * *
The goblin misses you.
You closely miss Robin. The goblin hits you with a dagger.
* * * LOW HITPOINT WARNING * * *
The goblin closely misses you. The goblin completely misses you.
You hit Robin but do no damage. The goblin closely misses you.
The goblin hits you with a dagger.
You die...

#.#.# #######.#.#
........#.#####.
#######.#.......
###..ggg###
#...g.....#
########.#.##..#.#
#...ggg#g#g##g.#.#####
#.###@#.ggg...........
#.# ##g#.#.#...#.#####
#.# ###.........#
###.#### #####...###
#....).# ##.##
#.#.##.# #.# #.#.##.#
#.# #.#....# #+#
##......##


You could see Robin and 3 goblins.

Vanquished Creatures
  2 dart slugs (D:1)
  2 leopard geckos (D:1)
  A giant cockroach (D:1)
  10 goblins (D:1)
  8 hobgoblins
  3 bats (D:1)
  A frilled lizard (D:1)
  4 kobolds (D:1)
  5 rats
36 creatures vanquished.

Notes
Turn   | Place    | Note
-------+----------+-------------------------------------------
     0 | D:1      | MatthieuS the Merfolk Monk began the quest for the Orb.
     0 | D:1      | Reached XP level 1. HP: 18/18 MP: 1/1
    98 | D:1      | Reached XP level 2. HP: 17/24 MP: 2/2
   600 | D:1      | Reached XP level 3. HP: 21/29 MP: 3/3
  1373 | D:2      | Noticed Robin
  1411 | D:2      | HP: 1/30 [goblin/dagger[Robin] (1)]
  1412 | D:2      | Slain by a goblin

Vault maps used:
D:1:      lemuel_arrival_rhombus
D:2:      first_ration, uniq_robin

Skill      XL: |  1  2  3 |
---------------+----------+-----
Unarmed Combat | 4 |  4.0
Fighting       | |  3.6
Armour         | |  0.8
Dodging        | |  4.4
Stealth        | |  2.1

Action                   || total
-------------------------++-------
Melee: Unarmed           ||   132
       Punch             ||     1
  Use: Scroll            ||     2
 Stab: Sleeping          ||     7
  Eat: Chunk             ||     1
Armor: Robe              ||    11
Dodge: Dodged            ||    91

Table legend:
 A = Spawn XP
 B = Non-spawn XP
 C = Spawn XP percentage of total XP
 D = Spawn monster count
 E = Non-spawn monster count
 F = Spawn count percentage of total count
 G = Total turns spent on level
                    A         B        C        D         E        F      G
               +---------+---------+-------+---------+---------+-------+---------
         Total |       0 |      65 |   0.0 |       0 |      36 |   0.0 |  1412
               +---------+---------+-------+---------+---------+-------+---------
           D:1 |       0 |      60 |   0.0 |       0 |      33 |   0.0 |  1321
           D:2 |       0 |       5 |   0.0 |       0 |       3 |   0.0 |    91
               +---------+---------+-------+---------+---------+-------+---------
